 Dungeon Crawl Stone Soup version 0.17-a0-1830-g81820eb (webtiles) character file.

77 DecibelRebel the Poker (level 4, -4/33 HPs)
             Began as a Merfolk Skald on Sept 14, 2015.
             Slain by DecibelRebel's ghost (5 damage)
             ... on level 3 of the Dungeon.
             The game lasted 00:08:54 (2225 turns).

DecibelRebel the Poker (Merfolk Skald)              Turns: 2225, Time: 00:08:56

Health: -4/33      AC:  3    Str: 13    XL:     4   Next: 34%
Magic:  4/7        EV: 11    Int: 11    God:
Gold:   182        SH:  0    Dex: 13    Spells: 3 memorised, 2 levels left

rFire  . . .     SeeInvis .     e - +0 glaive
rCold  . . .     Clarity  .     b - +0 leather armour
rNeg   . . .     SustAt   .     (no shield)
rPois  .         Gourm    .     (no helmet)
rElec  .         Spirit   .     (no cloak)
rCorr  .         Warding  .     (no gloves)
rMut   .         Stasis   .     (no boots)
MR     .....                    (no amulet)
Stlth  +.........               (no ring)
                                (no ring)

@: lethally poisoned (-4 -> -37), infused, very slightly contaminated, not
resistant to hostile enchantments, very unstealthy
A: change form in water, swift swim
a: no special abilities


You were on level 3 of the Dungeon.
You were hungry.

You visited 1 branch of the dungeon, and saw 3 of its levels.

You collected 182 gold pieces.

Inventory:

Hand weapons
 a - a +0 spear
 e - a +0 glaive (weapon)
Armour
 b - a +0 leather armour (worn)
 h - a +0 buckler
Jewellery
 j - an uncursed amulet of rage {unknown}
 n - a +4 ring of intelligence {unknown}
 q - a +3 ring of dexterity {unknown}
Scrolls
 g - 4 scrolls of identify {unknown}
 m - a scroll of remove curse {unknown}
 o - a scroll of random uselessness {unknown}
 p - a scroll of noise {unknown}
Potions
 i - a potion of brilliance {unknown}
 k - a potion of poison {unknown}
 l - a potion of haste {unknown}
Books
 c - a book of Battle

   Spells                             Type                      Level
   a - Infusion                       Charms                       1
   b - Shroud of Golubria             Charms/Translocation         2
   c - Song of Slaying                Charms                       2
   d - Spectral Weapon                Hexes/Charms                 3
   e - Regeneration                   Charms/Necromancy            3
Comestibles
 d - 2 bread rations
 f - 2 beef jerkies


   Skills:
 - Level 2.1 Fighting
 * Level 6.5 Polearms
 - Level 0.6 Armour
 - Level 1.3 Dodging
 - Level 2.0 Spellcasting
 - Level 3.2 Charms


You had 2 spell levels left.
You knew the following spells:

 Your Spells              Type           Power        Failure   Level  Hunger
a - Infusion              Chrm           #.....       12%         1    ##.....
b - Shroud of Golubria    Chrm/Tloc      #.........   30%         2    ###....
c - Song of Slaying       Chrm           #.......     17%         2    ###....


Dungeon Overview and Level Annotations

Branches:
Dungeon (3/15)

Altars:
Trog

Annotations:
D:3 DecibelRebel's ghost, average KoWr


Message History

Casting: Infusion
Confirm with . or Enter, or press ? or * to list all spells.
You miscast Shroud of Golubria.
You are very lightly contaminated with residual magic.
The floor and the ceiling briefly switch places.
You are feeling hungry.
You feel sick. DecibelRebel's ghost hits you.
You are more poisoned.
You closely miss DecibelRebel's ghost.
You feel very sick.
DecibelRebel's ghost completely misses you.
All of the chunks of flesh in your inventory have rotted away.
You barely miss DecibelRebel's ghost.
* * * LOW HITPOINT WARNING * * *
You feel very sick. DecibelRebel's ghost hits you.
* * * LOW HITPOINT WARNING * * *
You are more poisoned.
DecibelRebel's ghost hits you.
You die...

#####+# ###.......
#.W.....>.
#@#.......
#.#.......
#.#.......
#.######## #.# #.#
#.# #.# ######
#.#######....#####


You could see DecibelRebel's ghost.

Vanquished Creatures
  3 adders (D:2)
  2 worms
  2 giant geckos
  4 bats
  A giant cockroach (D:1)
  A goblin (D:1)
  5 hobgoblins
  7 jackals
  4 kobolds
  2 quokkas (D:2)
  2 giant newts
  5 rats
38 creatures vanquished.

Notes
Turn   | Place    | Note
--------------------------------------------------------------
     0 | D:1      | DecibelRebel the Merfolk Skald began the quest for the Orb.
     0 | D:1      | Reached XP level 1. HP: 16/16 MP: 3/3
   617 | D:1      | Reached skill level 4 in Polearms
   617 | D:1      | Reached XP level 2. HP: 5/22 MP: 3/5
  1147 | D:2      | Learned a level 2 spell: Shroud of Golubria
  1150 | D:2      | Learned a level 2 spell: Song of Slaying
  1177 | D:2      | Reached skill level 5 in Polearms
  1177 | D:2      | Reached XP level 3. HP: 27/27 MP: 6/6
  1555 | D:2      | Reached skill level 6 in Polearms
  1555 | D:2      | Reached XP level 4. HP: 17/33 MP: 2/7
  1880 | D:2      | Found a bloodstained altar of Trog.
  2209 | D:3      | Noticed DecibelRebel's ghost (average KoWr)
  2225 | D:3      | HP: 1/33 [DecibelRebel's ghost (6)]
  2225 | D:3      | Slain by DecibelRebel's ghost

Vault maps used:
D:1:      dpeg_arrival_brainrot
D:2:      bloody_trog
D:3:      cheibriados_altar_wand_db, gup_sewer_entry_pipe

Action                   |  1- 3 |  4- 6 || total
-------------------------+-------+-------++-------
Melee: Spear             |   137 |       ||   137
       Glaive            |       |    46 ||    46
 Cast: Infusion          |     2 |     1 ||     3
  Use: Potion            |     1 |       ||     1
  Eat: Chunk             |     2 |     2 ||     4
